 Dungeon Crawl Stone Soup version 0.30.0 (webtiles) character file.

Game seed: 15290586942303949626

438553 wingedge the Eclecticist (level 21, 0/184 HPs)
             Began as a Demigod Conjurer on May 4, 2023.
             Slain by a war gargoyle
             ... wielding a +2 flail of holy wrath
             ... led by a peacekeeper
              (22 damage)
             ... on level 4 of the Vaults on May 6, 2023.
             The game lasted 05:27:37 (67969 turns).

wingedge the Eclecticist (Demigod Conjurer)        Turns: 67969, Time: 05:27:38

Health: 0/184      AC: 19    Str: 11    XL:     21   Next: 98%
Magic:  55/65      EV: 13    Int: 56    God:
Gold:   2833       SH: 10    Dex: 21    Spells: 1/50 levels left

rFire   + . .        a - +4 hand axe of the Abyss {pain, MP+9 Str+2 Int+3}
rCold   + + .        E - +3 buckler
rNeg    + + .        d - +4 scale mail of the Shrieking God {rF+ rC+ rCorr Str-4}
rPois   +            U - +3 hat of Pondering {ponderous, Will+ MP+10 Int+5}
rElec   +            o - scarf {repulsion}
rCorr   +            A - +0 pair of gloves of Vampiric Thralls {rElec rC+ rN+ Will+}
SInv    +            i - +0 pair of boots of Nitokhae {rN+ Str+3 Dex+5}
Will    ++++.        X - amulet of regeneration
Stlth   +++          t - ring "Zounog" {rPois Str+4 Slay+3}
HPRegen 1.30/turn    P - ring of the Moon {Drain Fly Dex+4 SInv}
MPRegen 0.39/turn

%: repel missiles
@: flying, very slightly contaminated, studying Unarmed Combat, slow
A: high MP 1, forlorn, divine attributes, antennae 1, weak 1
}: 2/15 runes: barnacled, gossamer
a: no special abilities


You were on level 4 of the Vaults.
You visited 8 branches of the dungeon, and saw 38 of its levels.
You also visited: Gauntlet and Ice Cave.

You collected 6742 gold pieces.
You spent 3909 gold pieces at shops.

Inventory:

Hand Weapons
 a - the +4 hand axe of the Abyss (weapon) {pain, MP+9 Str+2 Int+3}
   (You found it on level 4 of the Shoals)

   Str:       It affects your strength (+2).
   Int:       It affects your intelligence (+3).
   MP:        It affects your magic capacity (+9).
 b - the +10 morningstar "Eos" {elec, Halo rElec}
   (You found it on level 10 of the Dungeon)

   Halo:      It grants its wielder a halo, revealing invisible creatures and
   increasing accuracy against all within it other than the wielder.
   rElec:     It insulates you from electricity.
 f - the +9 trident of Wodon {heavy, +Blink rF++ rN+ Str+2}
   (You found it on level 1 of the Vaults)

   Str:       It affects your strength (+2).
   rF:        It greatly protects you from fire.
   rN:        It protects you from negative energy.
   +Blink:    It lets you blink.
 v - the +8 whip "Snakebite" {venom, curare, rPois}
   (You took it off Amaemon on level 2 of the Lair of Beasts)

   rPois:     It protects you from poison.
Armour
 d - the +4 scale mail of the Shrieking God (worn) {rF+ rC+ rCorr Str-4}
   (You bought it in a shop on level 2 of the Shoals)

   Str:       It affects your strength (-4).
   rF:        It protects you from fire.
   rC:        It protects you from cold.
   rCorr:     It protects you from acid and corrosion.
 i - the +0 pair of boots of Nitokhae (worn) {rN+ Str+3 Dex+5}
   (You found it on level 3 of the Elven Halls)

   Str:       It affects your strength (+3).
   Dex:       It affects your dexterity (+5).
   rN:        It protects you from negative energy.
 o - a scarf of repulsion (worn)
 A - the +0 pair of gloves of Vampiric Thralls (worn) {rElec rC+ rN+ Will+}
   (You found it on level 1 of the Vaults)

   rC:        It protects you from cold.
   rElec:     It insulates you from electricity.
   rN:        It protects you from negative energy.
   Will:      It increases your willpower.
 E - a +3 buckler (worn)
 U - the +3 hat of Pondering (worn) {ponderous, Will+ MP+10 Int+5}
   (You took it off Gastronok on level 9 of the Dungeon)

   Int:       It affects your intelligence (+5).
   MP:        It affects your magic capacity (+10).
   Will:      It increases your willpower.
Jewellery
 c - the ring "Dotosk" {rC+ Int+3 Dex+6}
   (You bought it in a shop on level 2 of the Orcish Mines)

   [ring of dexterity]

   Int:       It affects your intelligence (+3).
   Dex:       It affects your dexterity (+6).
   rC:        It protects you from cold.
 n - the ring of the Sky {rElec rN+++ Str+6 Dex-3 Stlth+}
   (You found it in an ice cave)

   [ring of strength]

   Str:       It affects your strength (+6).
   Dex:       It affects your dexterity (-3).
   rElec:     It insulates you from electricity.
   rN:        It renders you almost immune to negative energy.
   Stlth:     It makes you more stealthy.
 p - a ring of wizardry
 t - the ring "Zounog" (left hand) {rPois Str+4 Slay+3}
   (You took it off a deep elf demonologist on level 3 of the Elven Halls)

   [ring of poison resistance]

   Str:       It affects your strength (+4).
   Slay:      It affects your accuracy & damage with ranged weapons and melee
   (+3).
   rPois:     It protects you from poison.
 w - the ring of the Festooned God {Will+ MP+9}
   (You took it off a deep elf pyromancer on level 3 of the Elven Halls)

   [ring of magical power]

   MP:        It affects your magic capacity (+9).
   Will:      It increases your willpower.
 P - the ring of the Moon (right hand) {Drain Fly Dex+4 SInv}
   (You found it on level 4 of the Shoals)

   [ring of see invisible]

   Dex:       It affects your dexterity (+4).
   SInv:      It lets you see invisible.
   Fly:       It grants you flight.
   Drain:     It drains your maximum health when unequipped.
 X - an amulet of regeneration (around neck)
Wands
 O - a wand of digging (12)
Scrolls
 r - 3 scrolls of vulnerability
 u - 8 scrolls of fog
 y - 8 scrolls of fear
 B - 7 scrolls of blinking
 D - 18 scrolls of teleportation
 I - 2 scrolls of amnesia
 J - 4 scrolls of enchant armour
 V - 6 scrolls of magic mapping
 Y - 3 scrolls of butterflies
 Z - 3 scrolls of silence
Potions
 e - 5 potions of brilliance
 g - 8 potions of resistance
 j - 3 potions of heal wounds
 k - 6 potions of cancellation
 l - 7 potions of haste
 m - 10 potions of curing
 q - 8 potions of flight
 x - 7 potions of lignification
 z - 7 potions of magic
 H - 3 potions of invisibility
 N - 7 potions of mutation
 Q - 4 potions of ambrosia
 T - 13 potions of might
Miscellaneous
 h - a tin of tremorstones (2/2)
 K - a phantom mirror


   Skills:
 - Level 15.0 Fighting
 - Level 6.0 Maces & Flails
 - Level 11.0 Armour
 - Level 9.0 Dodging
 - Level 7.0 Stealth
 - Level 7.0 Shields
 - Level 15.0 Spellcasting
 - Level 13.0 Conjurations
 - Level 13.0 Hexes
 - Level 2.0 Necromancy
 - Level 7.0 Transmutations
 - Level 3.0 Fire Magic
 - Level 9.0 Ice Magic
 + Level 14.9 Air Magic
 - Level 7.0 Poison Magic


You had one spell level left.
You knew the following spells:

 Your Spells              Type           Power      Damage    Failure   Level
a - Airstrike             Air            59%        2d(9-25)  1%          4
b - Enfeeble              Hex            56%        N/A       8%          7
c - Fulminant Prism       Conj/Hex       56%        3d25      1%          4
d - Olgreb's Toxic Radia  Pois           88%        N/A       1%          4
e - Arcjolt               Conj/Air       57%        1d67      1%          5
f - Yara's Violent Unrav  Hex/Tmut       50%        3d19      1%          5
g - Ignite Poison         Fire/Tmut/Pois 81%        N/A       1%          3
h - Sublimation of Blood  Necr           59%        N/A       1%          2
i - Maxwell's Capacitive  Air            59%        ∞         28%         8
o - Orb of Destruction    Conj           56%        9d14      8%          7

Your spell library contained the following spells:

 Spells                   Type           Power      Damage    Failure   Level
 Magic Dart               Conj           100%       1d8       0%          1
 Shock                    Conj/Air       100%       1d9       0%          1
 Freeze                   Ice            100%       1d10      1%          1
 Sting                    Tmut/Pois      100%       1d8       1%          1
 Searing Ray              Conj           100%       2d8       0%          2
 Static Discharge         Conj/Air       100%       2-7/arc   0%          2
 Swiftness                Air            100%       N/A       0%          3
 Cigotuvi's Dreadful Rot  Necr/Pois/Air  100%       N/A       1%          2
 Ensorcelled Hibernation  Hex/Ice        100%       N/A       1%          2
 Momentum Strike          Conj/Tloc      100%       3d10      1%          2
 Poisonous Vapours        Pois/Air       100%       N/A       1%          2
 Wereblood                Tmut           88%        N/A       1%          2
 Dazzling Flash           Conj/Hex       100%       N/A       1%          3
 Frozen Ramparts          Ice            100%       1d16      1%          3
 Hailstorm                Conj/Ice       100%       3d20      1%          3
 Inner Flame              Hex/Fire       93%        N/A       1%          3
 Ozocubu's Armour         Ice            97%        N/A       1%          3
 Portal Projectile        Hex/Tloc       100%       N/A       1%          3
 Spider Form              Tmut/Pois      88%        N/A       1%          3
 Summon Guardian Golem    Hex/Summ       86%        N/A       1%          3
 Vhi's Electric Charge    Tloc/Air       100%       N/A       1%          3
 Anguish                  Hex/Necr       45%        N/A       1%          4
 Cause Fear               Hex            56%        N/A       1%          4
 Ice Form                 Ice/Tmut       93%        N/A       1%          4
 Iskenderun's Mystic Bla  Conj/Tloc      86%        2d17      1%          4
 Leda's Liquefaction      Hex/Erth       43%        N/A       1%          4
 Summon Lightning Spire   Summ/Air       90%        N/A       1%          4
 Freezing Cloud           Conj/Ice/Air   55%        6-21      1%          5
 Iskenderun's Battlesphe  Conj           100%       2d15      1%          5
 Metabolic Englaciation   Hex/Ice        52%        N/A       1%          5
 Silence                  Hex/Air        57%        N/A       1%          5
 Blink                    Tloc           84%        N/A       2%          2
 Lesser Beckoning         Tloc           84%        N/A       2%          2
 Summon Ice Beast         Ice/Summ       75%        N/A       3%          4
 Blade Hands              Tmut           44%        N/A       3%          5
 Summon Mana Viper        Hex/Summ       86%        N/A       3%          5
 Call Canine Familiar     Summ           42%        N/A       5%          3
 Animate Dead             Necr           59%        N/A       9%          4
 Animate Armour           Summ/Erth      84%        N/A       19%         4
 Manifold Assault         Tloc           42%        N/A       19%         4
 Passage of Golubria      Tloc           42%        N/A       19%         4
 Iron Shot                Conj/Erth      43%        9d8       21%         6
 Simulacrum               Ice/Necr       40%        N/A       30%         6
 Borgnjor's Vile Clutch   Necr/Erth      26%        N/A       34%         5
 Ozocubu's Refrigeration  Ice            48%        4d18      36%         7
 Dragon Form              Tmut           44%        N/A       65%         7
 Spellforged Servitor     Conj/Summ      43%        N/A       73%         7
 Death Channel            Necr           29%        N/A       77%         6
 Dispersal                Tloc           21%        N/A       96%         6
 Haunt                    Necr/Summ      26%        N/A       100%        7
 Monstrous Menagerie      Summ           21%        N/A       100%        7
 Summon Hydra             Summ           21%        N/A       100%        7
 Disjunction              Tloc           21%        N/A       100%        8
 Infestation              Necr           29%        N/A       100%        8
 Lehudib's Crystal Spear  Conj/Erth      43%        10d10     100%        8
 Dragon's Call            Summ           21%        N/A       100%        9
 Polar Vortex             Ice            48%        N/A       100%        9


Dungeon Overview and Level Annotations

Branches:
Dungeon (15/15)            Temple (1/1) D:4            Lair (5/5) D:8
 Shoals (4/4) Lair:3       Spider (4/4) Lair:3        Slime (0/5) Lair:4
    Orc (2/2) D:12            Elf (3/3) Orc:2        Vaults (4/5) D:14
  Crypt (0/3) Vaults:2     Depths (0/4) D:15          IceCv (visited)
Gauntlet (visited)

Shops:
D:13 [   D:15 !   Orc:2 [*(=   Elf:3 (   Shoals:2 =[(?*   Vaults:1 *!
Vaults:2 *

Portals:
Abyss: Orc:1

Annotations:
D:14 Stash 2
Orc:2 Stash 1
Elf:2 exclusion: door


Innate Abilities, Weirdness & Mutations

You have an increased reservoir of magic. (+10% MP)
You shall have no god before yourself.
Your divine heritage dramatically boosts your attributes as you level up.
You have a pair of small antennae on your head.
You are weak. (Str -2)


Message History

There is an open door, spattered with blood here.
You see here a +0 arbalest.
Things that are here:
a +0 great mace; a +0 ring mail of cold resistance You see here a +0 arbalest.
The war gargoyle launches metal splinters at you.
The spray of metal splinters is repelled.
The war gargoyle launches metal splinters at you.
The spray of metal splinters hits you!!!
* * * LOW HITPOINT WARNING * * *
Casting: Enfeeble (dangerous; 8% risk of failure)
Confirm with . or Enter, or press ? or * to list all spells.
Aiming: Enfeeble (dangerous; 8% risk of failure)
Press: ? - help, Shift-Dir - straight line, f/p - war gargoyle
Aim: a war gargoyle, wielding a +2 flail of holy wrath (will inflict weakness, chance to daze and blind: 77%)
The war gargoyle partially resists.
The war gargoyle is enfeebled!
The war gargoyle launches metal splinters at you.
The spray of metal splinters hits you!!
* * * LOW HITPOINT WARNING * * *
You are confused.
You feel invigorated.
The war gargoyle hits you but does no damage. x2
The war gargoyle launches metal splinters at you.
The spray of metal splinters hits you!
* * * LOW HITPOINT WARNING * * *
The war gargoyle hits you but does no damage. x2
The war gargoyle hits you with a +2 flail of holy wrath!
* * * LOW HITPOINT WARNING * * *
The war gargoyle hits you with a +2 flail of holy wrath.
* * * LOW HITPOINT WARNING * * *
The war gargoyle launches metal splinters at you.
The spray of metal splinters misses you.
The war gargoyle completely misses you.
The war gargoyle is no longer weakened.
The war gargoyle launches metal splinters at you.
The spray of metal splinters hits you!!
* * * LOW HITPOINT WARNING * * *
You feel better.
You feel less invigorated.
The war gargoyle hits you with a +2 flail of holy wrath!!
You die...

##############################
..............................
............).....))..........
....................))........
......................[)......
.............@9.......))).....
######[###'#############'####
#.[....# #.b...b..bb.#
#......# #...bbbb..b[#
#......# #....bbbb...#
#......# #..b.bbb..b.#
#......# #...bb.b..b.#
#......# #..b.bb.....#
#..<...# #....[.9b...#


You could see a war gargoyle.

Vanquished Creatures
  Mara (Spider:3)
  The ghost of Hynwimna the Slayer, a veteran MiGl of Okawaru (Elf:3)
  Xtahua (Vaults:2)
  Bai Suzhen (Elf:3)
  The ghost of eruonna the Slayer, a veteran HOBe of Trog (Vaults:3)
  Arachne (Spider:2)
  Nikola (Elf:2)
  Jorgrun (Orc:2)
  Rupert (Lair:4)
  3 tentacled monstrosities (Elf:2)
  The ghost of 13Fox the Marksdemonspawn, an adept DsHu of Fedhas (Shoals:3)
  3 deep elf master archers
  A deep elf blademaster (Elf:3)
  An ancient champion (Vaults:2)
  2 sphinxes
  Agnes (Spider:1)
  2 krakens
  A tengu reaver (Vaults:1)
  Kirke (Spider:4)
  Gastronok (D:9)
  The ghost of Huol the Warrior, an adept FoFi of Okawaru (Elf:2)
  A draconian knight (IceCv)
  5 emperor scorpions
  10 vault wardens
  A fire giant (Vaults:4)
  2 frost giants
  7 deep elf sorcerers
  A ghost moth (Spider:4)
  A deep elf elementalist (Elf:3)
  A cacodemon (Elf:2)
  Aizul (Spider:1)
  4 orc warlords
  4 stone giants
  13 ironbound preservers
  11 very ugly things
  5 ironbound thunderhulks
  2 broodmothers
  4 war gargoyles
  6 deep elf demonologists (Elf:3)
  A minotaur (Gauntlet)
  Azrael (Orc:2)
  Nessos (D:14)
  The ghost of Teryn the Pure, a journeyman DsAK of Lugonu (Orc:1)
  5 white draconians (IceCv)
  6 dire elephants
  8 deep elf annihilators
  An eidolon (Vaults:2)
  3 deep elf death magi (Elf:3)
  14 merfolk impalers
  An ettin (Vaults:3)
  5 merfolk javelineers
  9 entropy weavers
  Josephine (Spider:1)
  11 yaktaur captains
  Erolcha (Orc:1)
  3 deep elf high priests
  4 great orbs of eyes
  3 radroaches
  5 merfolk avatars
  3 vault guards
  7 hydras
  A rakshasa (D:14)
  An ogre mage (Orc:1)
  2 peacekeepers
  A jorogumo (Spider:3)
  3 catoblepae
  9 two-headed ogres
  8 ironbound frosthearts
  14 centaur warriors
  25 dancing weapons
  11 merfolk aquamancers
  5 satyrs
  9 boulder beetles
  An anaconda (Lair:3)
  An alligator snapping turtle (Shoals:4)
  A naga warrior (Vaults:3)
  3 death yaks
  2 tengu warriors (D:8)
  A hell hog (Gauntlet)
  2 orc high priests
  Nergalle (Orc:2)
  4 skeletal warriors (D:13)
  Sonja (Orc:1)
  14 deep elf knights
  The ghost of Palms the Trooper, a novice MeCA of Ignis (D:8)
  Amaemon (Lair:2)
  5 skysharks
  8 pharaoh ants
  18 deep trolls
  Lodul (D:14)
  19 sea snakes
  5 sun moths (Spider:4)
  3 glowing orange brains
  An orange crystal statue (IceCv)
  2 orb spiders
  An orb spider (shapeshifter) (Elf:2)
  A flayed ghost (Vaults:1)
  7 wizards
  An obsidian statue (Vaults:1)
  17 deep elf archers
  A swamp dragon (shapeshifter) (Elf:2)
  9 ironbound convokers
  9 steelbarb worms (Spider:4)
  A phantasmal warrior (Vaults:2)
  20 harpies
  A harpy (shapeshifter) (Elf:2)
  11 cyclopes
  27 deep elf pyromancers
  7 lindwurms
  3 necromancers
  13 orc knights
  27 deep elf zephyrmancers
  6 orc sorcerers
  20 wolf spiders
  28 ugly things
  An oklob plant (Lair:5)
  A shining eye (shapeshifter) (Elf:3)
  20 fauns
  13 manticores
  5 elephants
  8 water nymphs
  A naga mage (D:15)
  2 moths of wrath
  A rust devil (Gauntlet)
  13 black mambas
  2 worldbinders (Orc:1)
  11 vault sentinels
  8 demonic crawlers
  Maurice (Orc:2)
  A gargoyle (D:13)
  14 merfolk sirens
  4 orange demons
  A guardian serpent (Lair:5)
  An apocalypse crab (Gauntlet)
  2 storm dragon simulacra (IceCv)
  9 torpor snails
  3 centaur skeletons (D:15)
  Psyche (D:12)
  2 molten gargoyles (Lair:4)
  21 cane toads
  12 komodo dragons
  2 unseen horrors
  35 yaktaurs
  A rime drake (Lair:4)
  3 freezing wraiths
  An ancient zyme (Orc:1)
  6 golden dragon simulacra (IceCv)
  11 polar bears
  30 merfolk
  A troll (shapeshifter) (D:15)
  6 wind drakes
  8 meliai
  8 trolls
  A blink frog (shapeshifter) (Orc:1)
  2 hornets (Lair:5)
  A tarantella (shapeshifter) (Elf:1)
  14 blink frogs
  2 dream sheep (shapeshifter) (Elf:2)
  19 tarantellas
  8 snapping turtles
  3 raiju
  2 dream sheep (Shoals:3)
  23 jumping spiders
  32 slime creatures
  A centaur simulacrum (D:15)
  21 culicivoras
  3 air elementals
  3 vampires
  A yak (shapeshifter) (Elf:2)
  4 wraiths
  A ynoxinul (Gauntlet)
  2 shadows (D:10)
  A culicivora (shapeshifter) (D:10)
  6 hogs (Spider:4)
  20 wyverns
  15 water elementals
  40 yaks
  10 fire elementals
  4 fire bats (Gauntlet)
  A steam dragon (D:9)
  4 basilisks
  12 vampire mosquitoes
  36 redbacks
  2 large abominations (Orc:1)
  2 acid dragons (shapeshifter) (Elf:2)
  5 acid dragons
  5 wargs
  21 water moccasins
  21 hell hounds
  6 ice dragon simulacra (IceCv)
  2 ice beasts
  39 orc warriors
  15 black bears
  17 ogres
  32 wolves
  12 centaurs
  A kobold brigand (D:7)
  A phantom (D:4)
  A gnoll sergeant (D:6)
  16 bullfrogs
  9 scorpions
  2 earth elementals (Elf:1)
  A wight (D:10)
  7 lindwurm simulacra (IceCv)
  3 howler monkeys
  10 electric eels
  3 jellies (Lair:4)
  5 lava snakes (Lair:4)
  8 hounds
  Crazy Yiuf (D:2)
  23 orc priests
  2 iron imps (Gauntlet)
  35 orc wizards
  2 iguanas (D:5)
  2 hell rats (Lair:1)
  13 gnolls
  4 adders
  3 river rats (Lair:1)
  2 ufetubi
  3 worms
  A worm (shapeshifter) (Elf:2)
  3 dart slugs
  99 orcs
  7 bats
  6 endoplasms
  8 giant cockroaches
  10 goblins
  8 hobgoblins
  8 quokkas
  12 ball pythons
  5 frilled lizards
  15 kobolds
  9 rats
  A butterfly (Lair:5)
  A fulminant prism (Elf:2)
  A lurking horror (Orc:1)
  3 tentacles
1689 creatures vanquished.

Vanquished Creatures (collateral kills)
  A black mamba (Lair:5)
1 creature vanquished.

Vanquished Creatures (others)
  A deep elf elementalist (Elf:3)
  A merfolk aquamancer (Shoals:4)
  A deep elf knight (Elf:3)
  A deep elf pyromancer (Elf:3)
  A polar bear (Lair:5)
  A water elemental (Elf:3)
  5 demonic plants (Gauntlet)
  262 fulminant prisms
  47 fungi
  264 plants
  6 tentacles
590 creatures vanquished.

Grand Total: 2280 creatures vanquished

Notes
Turn   | Place    | Note
-------+----------+-------------------------------------------
     0 | D:1      | wingedge the Demigod Conjurer began the quest for the Orb.
     0 | D:1      | Reached XP level 1. HP: 14/14 MP: 5/5
   340 | D:1      | Reached XP level 2. HP: 20/20 MP: 5/7
   598 | D:1      | Learned a level 2 spell: Searing Ray
   703 | D:1      | Reached skill level 1 in Fighting
  1162 | D:1      | Reached XP level 3. HP: 28/28 MP: 5/8
  2347 | D:2      | Found a runed translucent door.
  2348 | D:2      | Noticed Crazy Yiuf
  2730 | D:3      | Reached XP level 4. HP: 36/36 MP: 2/9
  2814 | D:3      | Learned a level 4 spell: Fulminant Prism
  2920 | D:3      | Identified the +7 dagger of Psychosis {protect, *Noise
                  | rElec rCorr Str+8}
  3284 | D:2      | Killed Crazy Yiuf
  3285 | D:2      | Reached skill level 1 in Hexes
  3735 | D:4      | Found a staircase to the Ecumenical Temple.
  3745 | Temple   | Entered the Ecumenical Temple
  3928 | D:4      | Reached XP level 5. HP: 41/41 MP: 3/11
  4117 | D:4      | Reached skill level 5 in Conjurations
  4459 | D:4      | Reached XP level 6. HP: 48/48 MP: 10/13
  4850 | D:5      | Entered Level 5 of the Dungeon
  5120 | D:5      | Noticed an acid dragon
  5124 | D:5      | Killed an acid dragon
  5134 | D:5      | Reached XP level 7. HP: 55/57 MP: 2/14
  5726 | D:5      | Identified the +9 short sword "Pympikorghe" {venom, Str+3
                  | Dex+6}
  6299 | D:6      | Reached skill level 5 in Hexes
  6433 | D:6      | Reached XP level 8. HP: 66/66 MP: 6/15
  6782 | D:6      | Reached skill level 1 in Poison Magic
  7130 | D:6      | Learned a level 4 spell: Olgreb's Toxic Radiance
  7544 | D:7      | Reached skill level 1 in Shields
  8836 | D:8      | Found a runed translucent gate.
  8836 | D:8      | Found a runed translucent gate.
  8837 | D:8      | Found a runed translucent gate.
  8840 | D:8      | Noticed a tengu warrior
  8841 | D:8      | Noticed Palms's ghost (novice MeCA)
  8841 | D:8      | Noticed a tengu warrior
  8896 | D:8      | Reached XP level 9. HP: 72/72 MP: 9/17
  8900 | D:8      | Noticed a two-headed ogre
  9104 | D:8      | Reached skill level 5 in Fighting
  9119 | D:8      | Killed a two-headed ogre
  9120 | D:8      | Reached skill level 5 in Poison Magic
  9541 | D:8      | Learned a level 5 spell: Metabolic Englaciation
  9631 | D:8      | Found a staircase to the Lair.
  9640 | D:8      | Reached XP level 10. HP: 71/83 MP: 4/20
 10219 | D:9      | Reached skill level 1 in Armour
 10219 | D:9      | Reached skill level 1 in Ice Magic
 10226 | D:9      | Reached skill level 5 in Spellcasting
 10330 | D:9      | Identified the +1 robe of Noughts and Crosses {Dex+2}
 10384 | D:9      | Identified the +6 falchion of the Witching Gods {antimagic,
                  | rElec}
 10625 | D:9      | Noticed Gastronok
 10646 | D:9      | Killed Gastronok
 10806 | D:8      | Learned a level 3 spell: Ozocubu's Armour
 11045 | D:9      | Reached skill level 1 in Air Magic
 11232 | D:10     | Entered Level 10 of the Dungeon
 11232 | D:10     | Noticed a two-headed ogre
 11237 | D:10     | Killed a two-headed ogre
 11674 | D:10     | Found a large runed translucent door.
 11675 | D:10     | Found a large runed translucent door.
 11683 | D:10     | Noticed a seven-headed hydra
 11684 | D:10     | Noticed a centaur warrior
 11688 | D:10     | Found a large runed translucent door.
 11688 | D:10     | Found a large runed translucent door.
 11689 | D:10     | Found the +10 morningstar "Eos" {elec, Halo rElec}
 11786 | D:10     | Reached XP level 11. HP: 64/90 MP: 22/22
 12247 | D:10     | Identified the +9 hand axe of the Pure Knives {heavy, Drain
                  | Int+3 Dex+5}
 12468 | D:8      | Killed a tengu warrior
 12470 | D:8      | Killed a tengu warrior
 12471 | D:8      | Killed Palms's ghost
 12725 | D:10     | Killed a centaur warrior
 12726 | D:10     | Reached skill level 5 in Ice Magic
 12872 | D:10     | Killed a seven-headed hydra
 12951 | D:10     | Learned a level 4 spell: Airstrike
 13036 | Lair:1   | Entered Level 1 of the Lair of Beasts
 13187 | Lair:1   | Found a gate leading to a gauntlet.
 13196 | Gauntlet | Entered a Gauntlet
 13196 | Gauntlet | Found a transporter.
 13199 | Gauntlet | Noticed a necromancer
 13204 | Gauntlet | Learned a level 5 spell: Freezing Cloud
 13210 | Gauntlet | Found a transporter.
 13213 | Gauntlet | Found a transporter.
 13214 | Gauntlet | Found a transporter.
 13222 | Gauntlet | Found a transporter.
 13225 | Gauntlet | Found a transporter.
 13226 | Gauntlet | Found a transporter.
 13229 | Gauntlet | Noticed a five-headed hydra
 13238 | Gauntlet | Found a transporter.
 13239 | Gauntlet | Noticed a minotaur
 13240 | Gauntlet | Found a transporter.
 13241 | Gauntlet | Found a transporter.
 13249 | Gauntlet | Found a transporter.
 13296 | Gauntlet | Found a transporter.
 13297 | Gauntlet | Found a transporter.
 13304 | Gauntlet | Noticed a hell hog
 13305 | Gauntlet | Found a transporter.
 13415 | Gauntlet | Killed a necromancer
 13689 | Gauntlet | Killed a five-headed hydra
 13809 | Gauntlet | Upgraded the game from 0.30-b1-5-g8e6c1be481 to
                  | 0.30-b1-7-gcb88a99046
 13864 | Gauntlet | Killed a hell hog
 13868 | Gauntlet | Reached XP level 12. HP: 99/100 MP: 25/25
 13944 | Gauntlet | Identified the ring "Muepsuj" {rN+ rCorr}
 13956 | Gauntlet | Killed a minotaur
 14676 | Lair:1   | Reached skill level 5 in Air Magic
 15206 | Lair:1   | Learned a level 5 spell: Arcjolt
 15375 | Lair:1   | Noticed an eight-headed hydra
 15379 | Lair:1   | Killed an eight-headed hydra
 15380 | Lair:1   | Reached skill level 5 in Shields
 15777 | Lair:2   | Noticed Amaemon
 15784 | Lair:2   | Killed Amaemon
 16052 | Lair:2   | Noticed a boulder beetle
 16058 | Lair:2   | Killed a boulder beetle
 16825 | Lair:2   | Reached skill level 5 in Dodging
 17586 | Lair:3   | Noticed a catoblepas
 17595 | Lair:3   | Killed a catoblepas
 17760 | Lair:3   | Found a staircase to the Shoals.
 18305 | Lair:3   | Reached XP level 13. HP: 105/107 MP: 29/29
 18547 | Lair:3   | Reached skill level 5 in Armour
 18860 | Lair:3   | Found a hole to the Spider Nest.
 20083 | Lair:4   | Found a staircase to the Slime Pits.
 20295 | Lair:4   | Noticed Rupert
 20303 | Lair:4   | Killed Rupert
 20586 | Lair:4   | Identified 2 scrolls of acquirement
 20600 | Lair:4   | Acquired the +2 pair of gloves "Ecutt" {Harm Int+5 Dex-4}
 20880 | Lair:5   | Entered Level 5 of the Lair of Beasts
 22336 | Lair:5   | Reached XP level 14. HP: 116/116 MP: 32/32
 23082 | Lair:5   | Reached skill level 10 in Spellcasting
 23582 | Lair:5   | Identified the +0 robe "Mapn" {Str+2 Dex+5}
 24176 | Lair:5   | Found the +7 Kryia's mail coat {PotionHeal*2 rC+}
 24682 | Lair:5   | Acquired 778 gold pieces
 24897 | D:11     | Reached skill level 10 in Air Magic
 26819 | D:12     | Noticed Psyche
 26821 | D:12     | Killed Psyche
 27545 | D:12     | Found a staircase to the Orcish Mines.
 27786 | Orc:1    | Entered Level 1 of the Orcish Mines
 27883 | Orc:1    | Noticed Erolcha
 27887 | Orc:1    | Killed Erolcha
 28063 | Orc:1    | Found a transporter.
 28174 | Orc:1    | Noticed Sonja
 28176 | Orc:1    | Killed Sonja
 28324 | Orc:1    | Found a one-way gate to the infinite horrors of the Abyss.
 28324 | Orc:1    | Noticed Teryn's ghost (journeyman DsAK)
 28334 | Orc:1    | Found a transporter.
 28353 | Orc:1    | Reached skill level 10 in Fighting
 28370 | Orc:1    | Killed Teryn's ghost
 28987 | Orc:2    | Entered Level 2 of the Orcish Mines
 29201 | Orc:2    | Noticed Azrael
 29210 | Orc:2    | Killed Azrael
 29211 | Orc:2    | Reached XP level 15. HP: 123/126 MP: 17/33
 29211 | Orc:2    | Noticed Maurice
 29411 | Orc:2    | Noticed Jorgrun
 29415 | Orc:2    | Killed Jorgrun
 29420 | Orc:2    | Found a staircase to the Elven Halls.
 29599 | Orc:2    | Killed Maurice
 29884 | Orc:2    | Learned a level 3 spell: Ignite Poison
 30403 | Orc:2    | Noticed Nergalle
 30407 | Orc:2    | Killed Nergalle
 30639 | Orc:2    | Found Heqyat's Antique Weapon Emporium.
 30667 | Orc:2    | Found Biamia's Jewellery Emporium.
 30673 | Orc:2    | Bought the ring "Dotosk" {rC+ Int+3 Dex+6} for 731 gold
                  | pieces
 30687 | Orc:2    | Found Ilokam's General Store.
 30694 | Orc:2    | Bought a potion of curing for 36 gold pieces
 30703 | Orc:2    | Found Ataodufu's Antique Armour Emporium.
 30781 | Orc:2    | Bought a transparent demon trident for 660 gold pieces
 30781 | Orc:2    | Identified the +7 demon trident of the Shrinking Sybil
                  | {freeze, rN+ rCorr Int+6 Dex-3} (You bought it in a shop on
                  | level 2 of the Orcish Mines)
 30791 | Orc:2    | Learned a level 5 spell: Metabolic Englaciation
 30910 | D:13     | Reached skill level 1 in Fire Magic
 31355 | D:13     | Reached skill level 1 in Transmutations
 31779 | D:13     | Found Labiret's Armour Emporium.
 31815 | D:13     | Identified the +10 hand axe "Qicwan" {flame, Contam Dex+5
                  | Stlth+}
 32721 | D:14     | Noticed Lodul
 32727 | D:14     | Killed Lodul
 33270 | D:14     | Noticed Nessos
 33278 | D:14     | Killed Nessos
 33520 | D:14     | Found a gate to the Vaults.
 33825 | D:15     | Entered Level 15 of the Dungeon
 34294 | D:15     | Found a staircase to the Depths.
 34652 | D:15     | Identified the +2 robe "Gorravva" {rPois Str-5 Dex-4
                  | Slay+5}
 35221 | D:15     | Found Xuorrepp's Distillery.
 35228 | D:15     | Bought a potion of mutation for 160 gold pieces
 35228 | D:15     | Bought a potion of brilliance for 80 gold pieces
 35228 | D:15     | Bought a potion of heal wounds for 100 gold pieces
 35228 | D:15     | Bought a potion of curing for 60 gold pieces
 35228 | D:15     | Bought a potion of attraction for 60 gold pieces
 35576 | Spider:1 | Entered Level 1 of the Spider Nest
 35593 | Spider:1 | Noticed Josephine
 35596 | Spider:1 | Killed Josephine
 35599 | Spider:1 | Noticed Aizul
 35609 | Spider:1 | Killed Aizul
 35667 | Spider:1 | Reached XP level 16. HP: 136/136 MP: 18/35
 36462 | Spider:1 | Acquired the +4 tower shield "Duuhey" {Regen+ Int+3}
 36747 | Spider:1 | Noticed Agnes
 36753 | Spider:1 | Killed Agnes
 38019 | Spider:2 | Noticed Arachne
 38034 | Spider:2 | Killed Arachne
 38609 | Spider:2 | Acquired 771 gold pieces
 39071 | Spider:3 | Reached skill level 5 in Transmutations
 39218 | Spider:3 | Noticed Mara
 39223 | Spider:3 | Noticed wingedge's illusion
 39225 | Spider:3 | Killed Mara
 39547 | Spider:3 | Learned a level 5 spell: Yara's Violent Unravelling
 39553 | Spider:3 | Identified the +10 quarterstaff "Cucw" {flame, rElec rC+
                  | Int+3}
 39709 | Spider:4 | Entered Level 4 of the Spider Nest
 41454 | Spider:4 | Noticed Kirke
 41465 | Spider:4 | Killed Kirke
 41669 | Spider:4 | Reached XP level 17. HP: 143/146 MP: 26/37
 42964 | Spider:4 | Got a gossamer rune of Zot
 43466 | Orc:2    | Bought a scroll of amnesia for 48 gold pieces
 43475 | Orc:2    | Learned a level 7 spell: Orb of Destruction
 43714 | Shoals:1 | Entered Level 1 of the Shoals
 43896 | Shoals:1 | Found a frozen archway.
 43896 | Shoals:1 | Identified the +7 rapier "Ogreslayer" {flame, Fly rElec
                  | rF+}
 44036 | IceCv    | Entered an ice cave
 44205 | IceCv    | Reached skill level 10 in Conjurations
 45171 | IceCv    | Identified the ring of the Sky {rElec rN+++ Str+6 Dex-3
                  | Stlth+}
 45269 | IceCv    | Identified the +3 ice dragon scales of Lunaffuu {Harm rF-
                  | rC++}
 47138 | Shoals:1 | Upgraded the game from 0.30-b1-7-gcb88a99046 to 0.30.0
 47506 | Shoals:2 | Reached skill level 10 in Hexes
 48269 | Shoals:2 | Found Nulu's Jewellery Shoppe.
 48286 | Shoals:2 | Found Tauklemp's Antique Armour Emporium.
 48295 | Shoals:2 | Bought a heavily runed scale mail for 333 gold pieces
 48295 | Shoals:2 | Identified the +4 scale mail of the Shrieking God {rF+ rC+
                  | rCorr Str-4} (You bought it in a shop on level 2 of the
                  | Shoals)
 48365 | Shoals:2 | Found Vumer's Weapon Shop.
 48566 | Shoals:2 | Found Qoathrus's Assorted Antiques.
 48611 | Shoals:2 | Bought 2 scrolls of blinking for 465 gold pieces
 48611 | Shoals:2 | Bought 2 potions of magic for 496 gold pieces
 49048 | Shoals:2 | Found Kybut's Magic Scroll Shoppe.
 49051 | Shoals:2 | Bought a scroll of amnesia for 40 gold pieces
 49051 | Shoals:2 | Bought a scroll of amnesia for 40 gold pieces
 49060 | Shoals:2 | Learned a level 7 spell: Enfeeble
 49108 | Shoals:3 | Noticed 13Fox's ghost (adept DsHu)
 49109 | Shoals:3 | Found a runed translucent gate.
 49110 | Shoals:3 | Found a runed translucent gate.
 49231 | Shoals:3 | Found a runed translucent gate.
 49582 | Shoals:3 | Reached XP level 18. HP: 157/157 MP: 32/39
 49890 | Shoals:3 | Identified the +8 dagger "Bittecosch" {elec, *Corrode rElec
                  | SInv}
 50069 | Shoals:3 | Killed 13Fox's ghost
 50070 | Shoals:3 | Reached skill level 10 in Armour
 51010 | Shoals:4 | Entered Level 4 of the Shoals
 51973 | Shoals:4 | Got a barnacled rune of Zot
 52061 | Shoals:4 | Identified the +3 glaive of Bankruptcy {flame, rF++ rCorr
                  | Str-4 Dex-2}
 52166 | Shoals:4 | Identified the ring of the Moon {Drain Fly Dex+4 SInv}
 52559 | Shoals:4 | Identified the +4 hand axe of the Abyss {pain, MP+9 Str+2
                  | Int+3}
 53381 | Orc:2    | Stash 1
 53388 | Elf:1    | Entered Level 1 of the Elven Halls
 53879 | Elf:1    | Paralysed by an air elemental for 1 turns
 54910 | Elf:2    | Paralysed by an air elemental for 1 turns
 54958 | Elf:2    | Noticed Nikola
 54965 | Elf:2    | Killed Nikola
 55268 | Elf:2    | Paralysed by an air elemental for 1 turns
 55410 | Elf:2    | Found a runed translucent gate.
 55410 | Elf:2    | Found a runed translucent gate.
 55410 | Elf:2    | Noticed a tentacled monstrosity
 55410 | Elf:2    | Noticed a tentacled monstrosity
 55411 | Elf:2    | Found a runed translucent gate.
 55411 | Elf:2    | Noticed a tentacled monstrosity
 55423 | Elf:2    | Killed a tentacled monstrosity
 55425 | Elf:2    | Killed a tentacled monstrosity
 55426 | Elf:2    | Killed a tentacled monstrosity
 55433 | Elf:2    | Found a runed translucent gate.
 55433 | Elf:2    | Found a runed translucent gate.
 55437 | Elf:2    | Found a runed translucent gate.
 55437 | Elf:2    | Noticed Huol's ghost (adept FoFi)
 55446 | Elf:2    | Reached XP level 19. HP: 164/167 MP: 27/41
 55447 | Elf:2    | Killed Huol's ghost
 55455 | Elf:2    | Identified the +0 pair of gloves of Death's Door {Stlth+}
 55887 | Elf:2    | Found a runed translucent gate.
 55887 | Elf:2    | Found a runed translucent gate.
 55920 | Elf:2    | Found a runed translucent gate.
 57091 | Elf:3    | Entered Level 3 of the Elven Halls
 57268 | Elf:3    | Noticed Bai Suzhen
 57275 | Elf:3    | Killed Bai Suzhen
 57642 | Elf:3    | Gained mutation: You occasionally lose the ability to drink
                  | potions when taking damage. [a shining eye]
 57729 | Elf:3    | Learned a level 2 spell: Sublimation of Blood
 57777 | Elf:3    | Found Katoulef's Weapon Shop.
 58105 | Elf:3    | Noticed a Brimstone Fiend
 58536 | Elf:3    | Identified the +2 great sword of Junogob {flame, rElec
                  | Str+7 Dex-4}
 58536 | Elf:3    | Identified the +3 leather armour of Huosuta {rF- rCorr
                  | Dex+2}
 58536 | Elf:3    | Identified the ring of the Festooned God {Will+ MP+9}
 58960 | Elf:3    | Identified the ring of Zidawn {Will+ Dex+6}
 58967 | Elf:3    | Identified the ring "Zounog" {rPois Str+4 Slay+3}
 59088 | Elf:3    | Identified the +0 quarterstaff of Abozur {pain, rElec rPois
                  | Dex+4}
 59254 | Elf:3    | Identified the staff of air "Tolir" {rElec rCorr Str-5
                  | Int+2 Stlth+}
 59257 | Elf:3    | Identified the staff of conjuration "Otig" {*Slow rElec
                  | Str+4 Int+2}
 59260 | Elf:3    | Identified the +1 morningstar of Death's Door {heavy, Will+
                  | Int+3}
 59288 | Elf:3    | Identified the +9 trident of Sharp Expedience {freeze,
                  | rPois Dex+4}
 59425 | Elf:3    | Found a runed translucent gate.
 59426 | Elf:3    | Found a runed translucent gate.
 59427 | Elf:3    | Found a runed translucent gate.
 59428 | Elf:3    | Noticed Hynwimna's ghost (veteran MiGl)
 59455 | Elf:3    | Killed Hynwimna's ghost
 59593 | Elf:3    | Identified the +0 pair of boots of Nitokhae {rN+ Str+3
                  | Dex+5}
 59848 | Vaults:1 | Entered Level 1 of the Vaults
 59922 | Vaults:1 | Reached skill level 1 in Maces & Flails
 59922 | Vaults:1 | Reached skill level 1 in Necromancy
 60100 | Vaults:1 | Found Fivvamod's Assorted Antiques.
 60138 | Vaults:1 | Bought a potion of heal wounds for 115 gold pieces
 60138 | Vaults:1 | Bought a potion of haste for 230 gold pieces
 60520 | Vaults:1 | Found a transporter.
 60526 | Vaults:1 | Found a transporter.
 60702 | Vaults:1 | Identified the +0 pair of gloves of Vampiric Thralls {rElec
                  | rC+ rN+ Will+}
 60818 | Vaults:1 | Identified the +9 trident of Wodon {heavy, +Blink rF++ rN+
                  | Str+2}
 61461 | Vaults:1 | Reached XP level 20. HP: 174/174 MP: 36/43
 61745 | Vaults:1 | Reached skill level 5 in Stealth
 62242 | Vaults:1 | Found Diupimme's Distillery.
 62247 | Vaults:1 | Bought a potion of curing for 39 gold pieces
 62247 | Vaults:1 | Bought a potion of magic for 104 gold pieces
 62420 | Vaults:1 | Reached XP level 21. HP: 181/181 MP: 45/45
 62701 | Vaults:2 | Found a staircase to the Crypt.
 62799 | Vaults:2 | Lost mutation: You occasionally lose the ability to drink
                  | potions when taking damage. [potion of mutation]
 62799 | Vaults:2 | Gained mutation: Potions are less effective at restoring
                  | your health. [potion of mutation]
 62800 | Vaults:2 | Lost mutation: Potions are less effective at restoring your
                  | health. [potion of mutation]
 62800 | Vaults:2 | Gained mutation: Armour fits poorly on your strangely
                  | shaped body. [potion of mutation]
 62800 | Vaults:2 | Gained mutation: You have a pair of small horns on your
                  | head. [potion of mutation]
 62801 | Vaults:2 | Lost mutation: Armour fits poorly on your strangely shaped
                  | body. [potion of mutation]
 62801 | Vaults:2 | Lost mutation: You have a pair of small horns on your head.
                  | [potion of mutation]
 62801 | Vaults:2 | Gained mutation: You have a pair of small antennae on your
                  | head. [potion of mutation]
 63525 | Vaults:2 | Noticed Xtahua
 63537 | Vaults:2 | Killed Xtahua
 64048 | Vaults:2 | Found Vehothrumih's Assorted Antiques.
 64061 | Vaults:2 | Bought a potion of brilliance for 112 gold pieces
 65238 | Vaults:3 | Found a runed translucent gate.
 65238 | Vaults:3 | Found a runed translucent gate.
 65238 | Vaults:3 | Found a runed translucent gate.
 65239 | Vaults:3 | Noticed eruonna's ghost (veteran HOBe)
 65282 | Vaults:3 | Killed eruonna's ghost
 65434 | Vaults:3 | Learned a level 8 spell: Maxwell's Capacitive Coupling
 65626 | Vaults:3 | Identified the +3 helmet "Dehex" {rCorr}
 65692 | Vaults:3 | Reached skill level 5 in Maces & Flails
 66154 | Vaults:3 | Reached skill level 15 in Spellcasting
 66965 | Vaults:3 | Reached skill level 15 in Fighting
 67139 | Vaults:3 | Identified the +5 great mace of Ysufaxto {flame, Will++
                  | Str+6 Int-3}
 67934 | Vaults:4 | Gained mutation: You are weak. (Str -2) [mutagenic glow]
 67968 | Vaults:4 | HP: 6/184 [war gargoyle/spray of metal splinters[a
                  | peacekeeper] (30)]
 67969 | Vaults:4 | Slain by a war gargoyle

Illustrated notes

.....<....[[......[.......[#..###
.#.....................[........8
.................).....######...[
...........).......)....####.....
..........[.............#.[......
.......)........[...).[[.[......8
.........#..[).......).[.)....###
..........#.....>..[.[..#......##
.....[....).....@......[#......##
.....).[.................#....##.
#...[[.........#..............#..
...[...[...[...#............#.#∩.
#.)##.)##............#........###
...#.).#.........................
...........#...#..............#..
.......#.###....#.#.......#......
.#.#...#.##....#......#..#.......


Turn 53381 on Orc:2: Stash 1

Levels and vault maps discovered:
D:1:      dpeg_arrival_court, layout_basic, minmay_pentomino_z2
D:2:      layout_basic, kennysheep_potato, uniq_crazy_yiuf_cottage
D:3:      layout_basic, overflow_temple_1_default,
          ebering_ecumenical_altar_hall, solitary_fountain
D:4:      layout_layer_cave, temple_green, nicolae_grassy_gnolls
D:5:      layout_loops_ring, minmay_fractal_squares_gapless_5
D:6:      layout_basic
D:7:      layout_loops_corners, serial_bayou_pond_e
D:8:      layout_cave_pools, erik_lair_island, ebering_ghost_gozag
D:9:      layout_cave_pools, uniq_gastronok
D:10:     layout_irregular_city, minmay_hollow_rounded_squares
D:11:     layout_long_grid
D:12:     layout_loops_ring, erik_orc_2, einodemon_barbed_minivault, uniq_psyche
D:13:     layout_loops_cross, special_room [special_room_orc], serial_shops,
          nicolae_shop_tiny_statue_garden
D:14:     layout_basic, david_vaults_1, hex_tiny,
          eat_drink_and_be_merry_uskayaw, uniq_lodul, uniq_nessos
D:15:     grunt_enter_depths_magical_seal, layout_basic, serial_shops, shop
Temple:   regret_index_temple_sigil_plot
Lair:1:   layout_concentric_octagons, gauntlet_entry_generic,
          nicolae_lair_grove_arrangements, kennysheep_abandoned_house,
          serial_bayou_shore_a
Lair:2:   layout_gridlike, beast_lair_carwin_10, lemuel_fruit_tree,
          grunt_megastairs_3, serial_bayou_shore_b, uniq_amaemon
Lair:3:   nzn_winding_woodlands_stair_trap [nzn_winding_woodlands_5x15_twine,
          nzn_winding_woodlands_5x15_lazy_stream,
          nzn_winding_woodlands_5x15_river_crossing,
          nzn_winding_woodlands_15x15_five_gardens,
          nzn_winding_woodlands_5x15_sidewinder,
          nzn_winding_woodlands_5x15_default,
          nzn_winding_woodlands_5x15_crooked], layout_chaotic_city,
          minmay_shoals_entry_centaurs, nicolae_spider_entry_tight_spaces,
          basic_altar
Lair:4:   cheibrodos_magma_flow, layout_regular_city,
          minmay_slime_entry_pillars, infiniplex_staircase_pool, uniq_rupert
Lair:5:   hangedman_lair_caniforms_friends, layout_misc_corridors,
          hangedman_lair_tendril_chambers, lemuel_fruit_fields
Shoals:1: layout_shoals, portal_ice_cave_entry_pillars_three, st_sunken_huts
Shoals:2: cheibrodos_shoals_three_sisters, layout_shoals, serial_shops,
          nicolae_shop_rolled_up, nicolae_shop_rolling_square,
          nicolae_shop_tiny_glass, shop, shop, nicolae_shoals_lost_giant_baths,
          st_cyclops
Shoals:3: layout_shoals, gammafunk_ghost_split
Shoals:4: shoals_end_grunt_ice, layout_shoals
Spider:1: layout_spider_delve, hangedman_spider_tarantella_strand,
          uniq_josephine, uniq_aizul, uniq_agnes
Spider:2: layout_spider_delve, uniq_arachne
Spider:3: layout_spider_delve, uniq_mara
Spider:4: hellmonk_spider_rune_bug_friends, uniq_kirke
Orc:1:    layout_diamond_mine, gammafunk_ghost_abyssal_escape, bloody_makhleb,
          uniq_erolcha, uniq_sonja
Orc:2:    grunt_orc_cross, layout_caves, uniq_jorgrun, uniq_maurice, uniq_azrael
Elf:1:    eino_elf_arrival_sip, layout_rooms, kennysheep_underground_church,
          hangedman_corner_corridor
Elf:2:    nicolae_elf_blades_splatter_lattice [grunt_blade_entry_basic],
          layout_loops_ring, ploomutoo_gammafunk_ghost_potion_laboratory,
          uniq_nikola
Elf:3:    minmay_elf_hall_x, layout_gridlike, gammafunk_ghost_tricky_traps,
          serial_shops, nicolae_shop_stone, uniq_bai_suzhen
Vaults:1: nicolae_vaults_turnstiles, nicolae_vaults_diamond_1,
          nicolae_vaults_mini_display_case, hangedman_vaults_trim,
          ontoclasm_vaults_eye, nicolae_vaults_meiosis, v_misc_10,
          vaults_room_pool, ontoclasm_vaults_loading_screen,
          nicolae_vaults_angled_halls, gammafunk_sealed_arena, v_misc_23,
          layout_vaults_omnibox, serial_shops, nicolae_shop_just_a_little_nook,
          shop_statue
Vaults:2: grunt_vaults_hallway_short, grunt_vaults_trifunnel,
          nicolae_vaults_prndl, v_pattern_1, nicolae_vaults_closet_pinwheel_1,
          nicolae_vaults_house_2, nicolae_vaults_double_plus_1,
          ontoclasm_vaults_gallery, minmay_crypt_entry_simple_sparse,
          nicolae_vaults_trapezoid_2, nicolae_vaults_angled_halls,
          nicolae_vaults_trapezoid_4, nicolae_vaults_closet_pinwheel_4,
          layout_vaults_big_room, serial_shops, nicolae_shop_tiny_waterfront,
          uniq_xtahua
Vaults:3: gammafunk_ghost_fury_of_okawaru, ontoclasm_vaults_ring_large,
          v_misc_29, hangedman_vaults_snaps, v_misc_26,
          nicolae_vaults_storage_closets_2, nicolae_vaults_theta,
          nicolae_vaults_enemy_cabinets, vaults_mumra_minichess_inversion,
          ontoclasm_vaults_decontamination, vaults_room_door_hall,
          nicolae_vaults_tangram_2, vaults_dpeg_cross, layout_vaults_ring
Vaults:4: hangedman_vaults_nodes, nicolae_vaults_swerve, ontoclasm_vaults_fault,
          nicolae_vaults_specimen_jars, ontoclasm_vaults_ring_large,
          nicolae_vaults_border_crossing, v_misc_31,
          nicolae_vaults_taking_the_gang_shopping, nicolae_vaults_tetromino_L_2,
          vaults_room_hallway, layout_vaults_omnicross, serial_shops,
          bzr_entry_gold

Skill      XL: |  1  2  3  4  5  6  7  8  9 10 11 12 13 14 15 16 17 18 19 20 21 |
---------------+----------------------------------------------------------------+-----
Dodging        | 2 4 5 7 8 9 |  9.0
Stealth        | 2 4 5 7 |  7.0
Spellcasting   | 2 3 4 5 6 8 9 10 11 12 13 14 15 | 15.0
Conjurations   | 4 5 6 7 8 9 10 11 13 | 13.0
Fighting       | 1 2 3 4 5 6 7 8 10 12 13 14 15 | 15.0
Hexes          | 1 2 4 5 6 7 8 10 11 12 13 | 13.0
Poison Magic   | 4 5 6 7 |  7.0
Shields        | 2 4 6 7 |  7.0
Armour         | 3 4 6 7 8 9 11 | 11.0
Ice Magic      | 4 6 7 8 9 |  9.0
Air Magic      | 1 4 6 8 10 11 12 13 14 | 14.9
Fire Magic     | 3 |  3.0
Transmutations | 3 6 7 |  7.0
Maces & Flails | 2 3 6 |  6.0
Necromancy     | 2 |  2.0

Action                     |  1- 3 |  4- 6 |  7- 9 | 10-12 | 13-15 | 16-18 | 19-21 || total
---------------------------+-------+-------+-------+-------+-------+-------+-------++-------
  Melee: Dagger            |       |       |    20 |    52 |       |    26 |       ||    98
         Short sword       |       |       |     5 |       |       |       |       ||     5
         Morningstar       |       |       |       |     7 |     2 |     6 |    43 ||    58
         Whip              |       |       |       |    10 |     9 |    35 |       ||    54
         Staff             |       |       |       |       |     3 |       |       ||     3
         Demon trident     |       |       |       |       |     9 |     1 |       ||    10
         Rapier            |       |       |       |       |       |     4 |     4 ||     8
         Hand axe          |       |       |       |       |       |       |     3 ||     3
         Trident           |       |       |       |       |       |       |     2 ||     2
   Cast: Magic Dart        |   108 |    60 |    14 |       |       |       |       ||   182
         Searing Ray       |    11 |    22 |    21 |    12 |       |       |       ||    66
         Fulminant Prism   |       |     2 |    47 |    66 |    28 |    75 |    45 ||   263
         Olgreb's Toxic Ra |       |       |    26 |    75 |   100 |   110 |    92 ||   403
         Ozocubu's Armour  |       |       |       |    22 |    23 |     4 |       ||    49
         Metabolic Englaci |       |       |       |     4 |    12 |    30 |       ||    46
         Airstrike         |       |       |       |    42 |   484 |   371 |   132 ||  1029
         Freezing Cloud    |       |       |       |    55 |    87 |    18 |       ||   160
         Arcjolt           |       |       |       |     3 |    19 |    76 |    62 ||   160
         Ignite Poison     |       |       |       |       |    43 |   137 |   112 ||   292
         Yara's Violent Un |       |       |       |       |       |    14 |    18 ||    32
         Orb of Destructio |       |       |       |       |       |    69 |   129 ||   198
         Enfeeble          |       |       |       |       |       |     4 |    36 ||    40
         Sublimation of Bl |       |       |       |       |       |       |    17 ||    17
         Maxwell's Capacit |       |       |       |       |       |       |     2 ||     2
  Evoke: Wand              |       |       |       |       |     1 |     5 |       ||     6
    Use: Scroll            |       |       |     8 |    13 |    10 |    12 |     5 ||    48
         Potion            |       |       |       |     6 |     3 |    26 |    11 ||    46
   Stab: Invisible         |       |       |       |       |       |       |     7 ||     7
 Armour: Robe              |     1 |       |       |       |       |       |       ||     1
         Ring mail         |       |    12 |     6 |    99 |    29 |       |       ||   146
         Leather armour    |       |       |    20 |       |       |       |       ||    20
         Acid dragon scale |       |       |       |     9 |       |       |       ||     9
         Scale mail        |       |       |       |       |    72 |   230 |    89 ||   391
         Ice dragon scales |       |       |       |       |       |    27 |       ||    27
  Dodge: Dodged            |     2 |     8 |    33 |    91 |    70 |   202 |   136 ||   542
         Repelled          |       |       |       |       |       |     3 |    10 ||    13
  Block: Buckler           |       |       |     8 |    69 |    56 |   125 |   114 ||   372
